BSA
KANSAS CITY KINGS @ ST. LOUIS BROWNS
09/19/2025
 
TOP OF THE 1ST
Kansas City Kings batting - Pitching for St. Louis Browns : LHP Bernardo Miranda
Pitching: LHP Bernardo Miranda
Batting: RHB Chris Chandler 0-0: Foul Ball, location: 2F
0-1: Ground out 6-3 (Groundball, 6M)
Batting: LHB Marc Nichols 0-0: Called Strike
0-1: Ball
1-1: Ball
2-1: SOLO HOME RUN (Flyball, 8RXD), Distance : 416 ft
Batting: RHB Toshimichi Kono 0-0: Called Strike
0-1: Foul Ball, location: 2F
0-2: Ball
1-2: Ball
2-2: Foul Ball, location: 2F
2-2: Fly out, F7 (Flyball, 78XD)
Batting: RHB Alonso Ramos 0-0: Called Strike
0-1: Foul Ball, location: 2F
0-2: Ground out 6-3 (Groundball, 6M)
Top of the 1st over - 1 run(s), 1 hit(s), 0 error(s), 0 left on base; Kansas City 1 - St. Louis 0
BOTTOM OF THE 1ST
St. Louis Browns batting - Pitching for Kansas City Kings : LHP Glen Jones
Pitching: LHP Glen Jones
Batting: LHB Mike Hill 0-0: Ball
1-0: Called Strike
1-1: SINGLE (Line Drive, 34)
Batting: RHB Brian Cash 0-0: Grounds into double play, 6-4-3 (Groundball, 6)
Batting: RHB Yoshihide Takahashi 0-0: Swinging Strike
0-1: Foul Ball, location: 2F
0-2: Ball
1-2: Ball
2-2: Strikes out swinging
Bottom of the 1st over - 0 run(s), 1 hit(s), 0 error(s), 0 left on base; Kansas City 1 - St. Louis 0
TOP OF THE 2ND
Kansas City Kings batting - Pitching for St. Louis Browns : LHP Bernardo Miranda
Batting: LHB Pablo Reyes 0-0: Ball
1-0: Ball
2-0: Swinging Strike
2-1: Foul Ball, location: 2F
2-2: Ball
3-2: Foul Ball, location: 2F
3-2: Foul Ball, location: 2F
3-2: Ground out 4-3 (Groundball, 34)
Batting: SHB Víctor Serrano 0-0: Called Strike
0-1: Ball
1-1: Called Strike
1-2: Foul Ball, location: 2F
1-2: Strikes out swinging
Batting: LHB Vic Robertson 0-0: Called Strike
0-1: SINGLE (Flyball, 7S)
Batting: SHB Finley Frogley 0-0: SINGLE (Groundball, 56D)
Vic Robertson to second
Batting: SHB Orlando Aguilar 0-0: Ball
1-0: Ground out 5-3 (Groundball, 56S)
Top of the 2nd over - 0 run(s), 2 hit(s), 0 error(s), 2 left on base; Kansas City 1 - St. Louis 0
BOTTOM OF THE 2ND
St. Louis Browns batting - Pitching for Kansas City Kings : LHP Glen Jones
Batting: RHB Will Brown 0-0: Ground out 1-3 (Groundball, 13)
Batting: RHB George Howard 0-0: Foul Ball, location: 2F
0-1: Swinging Strike
0-2: Foul Ball, location: 2F
0-2: Foul Ball, location: 2F
0-2: Ball
1-2: Foul Ball, location: 2F
1-2: Ball
2-2: Ball
3-2: Strikes out looking
Batting: LHB Stan Hickman 0-0: Ball
1-0: Called Strike
1-1: Ball
2-1: Foul Ball, location: 2F
2-2: SINGLE (Line Drive, 34)
Batting: RHB Carlos Alfaro 0-0: Called Strike
0-1: Swinging Strike
0-2: Strikes out looking
Bottom of the 2nd over - 0 run(s), 1 hit(s), 0 error(s), 1 left on base; Kansas City 1 - St. Louis 0
TOP OF THE 3RD
Kansas City Kings batting - Pitching for St. Louis Browns : LHP Bernardo Miranda
Batting: RHB Chris Chandler 0-0: Ground out 6-3 (Groundball, 6)
Batting: LHB Marc Nichols 0-0: Called Strike
0-1: Ball
1-1: Foul Ball, location: 2F
1-2: Ball
2-2: Foul Ball, location: 2F
2-2: Foul Ball, location: 2F
2-2: Foul Ball, location: 2F
2-2: Ball
3-2: Fly out, F7 (Flyball, 7S)
Batting: RHB Toshimichi Kono 0-0: Ball
1-0: Ball
2-0: Foul Ball, location: 2F
2-1: Foul Ball, location: 2F
2-2: SINGLE (Line Drive, 6)
Batting: RHB Alonso Ramos 0-0: Called Strike
0-1: Foul Ball, location: 2F
0-2: Strikes out swinging
Top of the 3rd over - 0 run(s), 1 hit(s), 0 error(s), 1 left on base; Kansas City 1 - St. Louis 0
BOTTOM OF THE 3RD
St. Louis Browns batting - Pitching for Kansas City Kings : LHP Glen Jones
Batting: RHB Mario Rosales 0-0: DOUBLE (Line Drive, 7LS)
Batting: RHB António Venecia 0-0: Ball
1-0: Swinging Strike
1-1: Ball
2-1: Swinging Strike
2-2: DOUBLE (Line Drive, 5L)
Mario Rosales scores
Batting: LHB Mike Hill 0-0: Called Strike
0-1: Ground out 4-3 (Groundball, 4)
António Venecia to third
Batting: RHB Brian Cash 0-0: Ball
1-0: Called Strike
1-1: Ball
2-1: Ball
3-1: 2-RUN HOME RUN (Flyball, 78XD), Distance : 418 ft
Batting: RHB Yoshihide Takahashi 0-0: Foul Ball, location: 2F
0-1: SINGLE (Groundball, 25) (infield hit)
Batting: RHB Will Brown 0-0: Called Strike
0-1: Swinging Strike
0-2: Strikes out swinging
Batting: RHB George Howard 0-0: Ball
1-0: Swinging Strike
1-1: Ball
2-1: Ball
3-1: Swinging Strike
3-2: Fly out, F9 (Flyball, 9LS)
Bottom of the 3rd over - 3 run(s), 4 hit(s), 0 error(s), 1 left on base; Kansas City 1 - St. Louis 3
TOP OF THE 4TH
Kansas City Kings batting - Pitching for St. Louis Browns : LHP Bernardo Miranda
Batting: LHB Pablo Reyes 0-0: Called Strike
0-1: Called Strike
0-2: Strikes out looking
Batting: SHB Víctor Serrano 0-0: Called Strike
0-1: Foul Ball, location: 2F
0-2: Ground out 6-3 (Groundball, 6M)
Batting: LHB Vic Robertson 0-0: Ground out 4-3 (Groundball, 4)
Top of the 4th over - 0 run(s), 0 hit(s), 0 error(s), 0 left on base; Kansas City 1 - St. Louis 3
BOTTOM OF THE 4TH
St. Louis Browns batting - Pitching for Kansas City Kings : LHP Glen Jones
Batting: LHB Stan Hickman 0-0: Ball
1-0: Ball
2-0: Ball
3-0: Base on Balls
Batting: RHB Carlos Alfaro 0-0: Called Strike
0-1: Called Strike
0-2: Ball
1-2: Ball
2-2: Ball
3-2: Base on Balls
Stan Hickman to second
Batting: RHB Mario Rosales 0-0: Ball
1-0: Swinging Strike
1-1: Fielders Choice at 2nd, 6-4 (Groundball, 6)
Stan Hickman to third
Batting: RHB António Venecia 0-0: Ball
1-0: Ball
2-0: Ball
3-0: Base on Balls
Mario Rosales to second
Batting: LHB Mike Hill 0-0: Foul Ball, location: 2F
0-1: Swinging Strike
0-2: Ball
1-2: Foul Ball, location: 2F
1-2: Ball
2-2: Foul Ball, location: 2F
2-2: Ball
3-2: Foul Ball, location: 2F
3-2: Reached on error, E3 (Groundball, 34)
Stan Hickman scores
Mario Rosales to third
António Venecia to second
Batting: RHB Brian Cash 0-0: Fly out, F8 (Flyball, 8RM)
Runner from 3rd tags up, SCORES, no throw
Batting: RHB Yoshihide Takahashi 0-0: Foul Ball, location: 2F
0-1: Ground out 5-3 (Groundball, 5S)
Bottom of the 4th over - 2 run(s), 0 hit(s), 1 error(s), 2 left on base; Kansas City 1 - St. Louis 5
TOP OF THE 5TH
Kansas City Kings batting - Pitching for St. Louis Browns : LHP Bernardo Miranda
Batting: SHB Finley Frogley 0-0: Ball
1-0: Fly out, F6 (Popup, 6M)
Batting: SHB Orlando Aguilar 0-0: Ball
1-0: Swinging Strike
1-1: Foul Ball, location: 2F
1-2: Ground out U3 (Groundball, 3L)
Batting: RHB Chris Chandler 0-0: Called Strike
0-1: Called Strike
0-2: Foul Ball, location: 2F
0-2: Ball
1-2: Foul Ball, location: 2F
1-2: Ground out 5-3 (Groundball, 56)
Top of the 5th over - 0 run(s), 0 hit(s), 0 error(s), 0 left on base; Kansas City 1 - St. Louis 5
BOTTOM OF THE 5TH
St. Louis Browns batting - Pitching for Kansas City Kings : LHP Glen Jones
Batting: RHB Will Brown 0-0: Ball
1-0: DOUBLE (Line Drive, 7LM)
Batting: RHB George Howard 0-0: Ground out 5-3 (Groundball, 5S)
Will Brown to third
Batting: LHB Stan Hickman 0-0: Called Strike
0-1: Ball
1-1: Foul Ball, location: 2F
1-2: Foul Ball, location: 2F
1-2: Foul Ball, location: 2F
1-2: Ball
2-2: Foul Ball, location: 2F
2-2: Fly out, F7 (Flyball, 7M)
Runner from 3rd tags up, SCORES, throw made
Batting: RHB Carlos Alfaro 0-0: Foul Ball, location: 2F
0-1: Foul Ball, location: 2F
0-2: Ball
1-2: Foul Ball, location: 2F
1-2: DOUBLE (Line Drive, 9LM)
Batting: RHB Mario Rosales 0-0: Ball
1-0: Foul Ball, location: 2F
1-1: Fly out, F9 (Flyball, 8RM)
Bottom of the 5th over - 1 run(s), 2 hit(s), 0 error(s), 1 left on base; Kansas City 1 - St. Louis 6
TOP OF THE 6TH
Kansas City Kings batting - Pitching for St. Louis Browns : LHP Bernardo Miranda
Batting: LHB Marc Nichols 0-0: Ball
1-0: Called Strike
1-1: SINGLE (Groundball, 34D)
Batting: RHB Toshimichi Kono 0-0: Called Strike
0-1: Ball
1-1: Foul Ball, location: 2F
1-2: Strikes out looking
Batting: RHB Alonso Ramos 0-0: Called Strike
0-1: Ball
Wild Pitch!
Marc Nichols to second
1-1: Ball
2-1: Ball
3-1: Foul Ball, location: 2F
3-2: Foul Ball, location: 2F
3-2: Ground out 1-3 (Groundball, 25)
Batting: LHB Pablo Reyes 0-0: SINGLE (Groundball, 3D)
Marc Nichols to third
Runner from 3rd tries for Home, SAFE, no throw or cutoff
Batting: SHB Víctor Serrano 0-0: 2-RUN HOME RUN (Flyball, 7LD), Distance : 341 ft
Batting: LHB Vic Robertson 0-0: Called Strike
0-1: SINGLE (Line Drive, 89M)
Batting: SHB Finley Frogley 0-0: Called Strike
0-1: Foul Ball, location: 2F
0-2: Ground out 6-3 (Groundball, 6)
Top of the 6th over - 3 run(s), 4 hit(s), 0 error(s), 1 left on base; Kansas City 4 - St. Louis 6
BOTTOM OF THE 6TH
St. Louis Browns batting - Pitching for Kansas City Kings : LHP Glen Jones
Pitching: RHP Ray Watkins
Batting: RHB António Venecia 0-0: Fly out, F4 (Line Drive, 4)
Batting: LHB Mike Hill 0-0: Ground out 4-3 (Groundball, 4)
Batting: RHB Brian Cash 0-0: Swinging Strike
0-1: Ball
1-1: Foul Ball, location: 2F
1-2: Ball
2-2: Ball
3-2: Foul Ball, location: 2F
3-2: SINGLE (Groundball, 6MD)
Batting: RHB Yoshihide Takahashi 0-0: Ball
1-0: Ball
2-0: Called Strike
2-1: Called Strike
2-2: Foul Ball, location: 2F
2-2: Fielders Choice at 2nd, U6 (Groundball, 6M)
Bottom of the 6th over - 0 run(s), 1 hit(s), 0 error(s), 1 left on base; Kansas City 4 - St. Louis 6
TOP OF THE 7TH
Kansas City Kings batting - Pitching for St. Louis Browns : LHP Bernardo Miranda
Batting: SHB Orlando Aguilar 0-0: Called Strike
0-1: Called Strike
0-2: Ball
1-2: Strikes out looking
Batting: RHB Chris Chandler 0-0: Swinging Strike
0-1: Ground out 6-3 (Groundball, 6)
Batting: LHB Marc Nichols 0-0: Called Strike
0-1: Called Strike
0-2: Foul Ball, location: 2F
0-2: Ball
1-2: Fly out, F7 (Flyball, 7LMF)
Top of the 7th over - 0 run(s), 0 hit(s), 0 error(s), 0 left on base; Kansas City 4 - St. Louis 6
BOTTOM OF THE 7TH
St. Louis Browns batting - Pitching for Kansas City Kings : RHP Ray Watkins
Batting: RHB Will Brown 0-0: Foul Ball, location: 2F
0-1: Ball
1-1: Ball
2-1: Called Strike
2-2: Ball
3-2: Base on Balls
Batting: RHB George Howard 0-0: Swinging Strike
0-1: Called Strike
0-2: Fly out, F7 (Flyball, 7M)
Pitching: LHP Víctor Soto
Batting: LHB Stan Hickman 0-0: Ball
1-0: Ball
2-0: Ball
Pickoff Throw to First - Error! E1
Will Brown to second
3-0: Intentional Walk
Pitching: RHP Tom McConnell
Pinch Hitting: LHB Clinton Clark 0-0: SINGLE (Line Drive, 6M)
Will Brown to third
Stan Hickman to second
Batting: RHB Mario Rosales 0-0: Ball
1-0: Swinging Strike
1-1: Fielders Choice at 2nd, 6-4 (Groundball, 6)
Will Brown scores
Stan Hickman to third
Batting: RHB António Venecia 0-0: Fly out, F6 (Popup, 56)
Bottom of the 7th over - 1 run(s), 1 hit(s), 1 error(s), 2 left on base; Kansas City 4 - St. Louis 7
TOP OF THE 8TH
Kansas City Kings batting - Pitching for St. Louis Browns : LHP Bernardo Miranda
Pitching: RHP Arturo Leal
Now at 1B: Héctor Núñez
Batting: RHB Toshimichi Kono 0-0: Ball
1-0: Ball
2-0: Ball
3-0: Called Strike
3-1: Fly out, F7 (Flyball, 78XD)
Pitching: RHP Kitahachi Okada
Batting: RHB Alonso Ramos 0-0: Called Strike
0-1: Foul Ball, location: 2F
0-2: Strikes out swinging
Batting: LHB Pablo Reyes 0-0: Ball
1-0: Foul Ball, location: 2F
1-1: Swinging Strike
1-2: Ball
2-2: Foul Ball, location: 2F
2-2: SINGLE (Groundball, 34D)
Batting: SHB Víctor Serrano 0-0: Foul Ball, location: 2F
0-1: Ball
1-1: Foul Ball, location: 2F
1-2: Strikes out looking
Top of the 8th over - 0 run(s), 1 hit(s), 0 error(s), 1 left on base; Kansas City 4 - St. Louis 7
BOTTOM OF THE 8TH
St. Louis Browns batting - Pitching for Kansas City Kings : RHP Tom McConnell
Batting: LHB Mike Hill 0-0: Ball
1-0: SINGLE (Line Drive, 4MD)
Batting: RHB Brian Cash 0-0: Ball
1-0: Sac Bunt - play at first, batter OUT! 1-4
Mike Hill to second
Batting: RHB Yoshihide Takahashi 0-0: Intentional Walk
Batting: RHB Will Brown 0-0: Ball
1-0: Fielders Choice at 2nd, 1-6 (Groundball, 13)
Mike Hill to third
Batting: RHB George Howard 0-0: Called Strike
0-1: Foul Ball, location: 2F
0-2: Foul Ball, location: 2F
0-2: Ball
1-2: Foul Ball, location: 2F
1-2: SINGLE (Groundball, 56D)
Mike Hill scores
Will Brown to second
Batting: LHB Stan Hickman 0-0: Fly out, F9 (Line Drive, 89M)
Bottom of the 8th over - 1 run(s), 2 hit(s), 0 error(s), 2 left on base; Kansas City 4 - St. Louis 8
TOP OF THE 9TH
Kansas City Kings batting - Pitching for St. Louis Browns : RHP Kitahachi Okada
Batting: LHB Vic Robertson 0-0: Foul Ball, location: 2F
0-1: Called Strike
0-2: Ball
1-2: Foul Ball, location: 2F
1-2: Ground out U3 (Groundball, 3L)
Batting: SHB Finley Frogley 0-0: Called Strike
0-1: Foul Ball, location: 2F
0-2: Strikes out swinging
Batting: SHB Orlando Aguilar 0-0: Foul Ball, location: 2F
0-1: Ball
1-1: Ball
2-1: SOLO HOME RUN (Line Drive, 9D), Distance : 366 ft
Pitching: LHP Brent Miller
Batting: RHB Chris Chandler 0-0: Ground out 6-3 (Groundball, 6M)
Top of the 9th over - 1 run(s), 1 hit(s), 0 error(s), 0 left on base; Kansas City 5 - St. Louis 8
This league is powered by Out of the Park Baseball, the baseball management simulation game for PC, Mac and Linux
Tuesday, August 2nd, 2016 - OOTP Baseball 16.8 Build 38